 Dungeon Crawl Stone Soup version 0.22-a0-388-g09e6169 (webtiles) character file.

62 JeffiDaFish the Grave Robber (level 3, -2/26 HPs)
             Began as a Draconian Necromancer on Apr 29, 2018.
             Slain by a hobgoblin
             ... wielding a +0 club
             ... led by Robin
              (6 damage)
             ... on level 2 of the Dungeon.
             The game lasted 00:02:59 (1515 turns).

JeffiDaFish the Grave Robber (DrNe)                 Turns: 1515, Time: 00:03:00

Health: -2/26      AC:  5    Str: 10    XL:     3   Next: 85%
Magic:  0/7        EV: 12    Int: 16    God:
Gold:   29         SH:  0    Dex: 11    Spells: 0/7 levels left

rFire    . . .     SeeInvis .   c - +0 dagger
rCold    . . .     Gourm    .   (no shield)
rNeg     . . .     Faith    .   (armour unavailable)
rPois    .         Spirit   .   (helmet restricted)
rElec    .         Reflect  .   (no cloak)
rCorr    .         Harm     .   (no gloves)
MR       .....                  (no boots)
Stlth    +.........             (no amulet)
HPRegen  0.08/turn              a - ring of loudness (curse)
MPRegen  0.10/turn              (no ring)

@: no status effects
A: unfitting armour, cold-blooded, AC +5
a: no special abilities


You were on level 2 of the Dungeon.
You were hungry.

You visited 1 branch of the dungeon, and saw 2 of its levels.

You collected 29 gold pieces.

Inventory:

Hand Weapons
 c - a +0 dagger (weapon)
Jewellery
 a - a cursed ring of loudness (left hand)
Comestibles
 b - 2 rations


   Skills:
 - Level 2.1 Dodging
 - Level 1.7 Stealth
 + Level 2.7 Spellcasting
 * Level 4.9 Necromancy


You couldn't memorise any spells.
You knew the following spells:

 Your Spells              Type           Power        Failure   Level  Hunger
a - Pain                  Necr           ###.         2%          1    #......
b - Vampiric Draining     Necr           ###.......   8%          3    ###....
c - Regeneration          Chrm/Necr      ##........   22%         3    ###....


Dungeon Overview and Level Annotations

Branches:
Dungeon (2/15)

Altars:


Innate Abilities, Weirdness & Mutations

Your plain brown scales are hard. (AC +5)
You cannot fit into any form of body armour.
You are cold-blooded and may be slowed by cold attacks.


Message History

There is a stone staircase leading up, spattered with blood here.
Items here: )) †† a dagger; a club; a goblin corpse x2
You completely miss the hobgoblin. The hobgoblin hits you with a club.
* * * LOW HITPOINT WARNING * * *
You closely miss the hobgoblin.
The hobgoblin hits you but does no damage.
You barely miss the hobgoblin.
The hobgoblin hits you but does no damage.
You hit the hobgoblin.
The hobgoblin is heavily wounded.
The hobgoblin hits you with a club.
* * * LOW HITPOINT WARNING * * *
Casting: Pain (safe; 2% risk of failure)
Confirm with . or Enter, or press ? or * to list all spells.
Aiming: Pain (safe; 2% risk of failure)
Press: ? - help, Shift-Dir - straight line, f - hobgoblin
Aim: a hobgoblin, wielding a club (heavily wounded, chance to defeat MR: 87%)
The hobgoblin barely resists.
The hobgoblin hits you with a club.
You die...

# .#.#
.....
......####
#...Sbg@#
#....####
..... ####


You could see a hobgoblin, a bat and a ball python.

Vanquished Creatures
  Robin (D:2)
  An adder (D:2)
  A dart slug (D:1)
  A ball python (D:1)
  A bat (D:1)
  3 giant cockroaches
  12 goblins
  3 hobgoblins
  4 jackals (D:1)
  4 kobolds (D:1)
  A frilled lizard (D:1)
  4 rats (D:1)
36 creatures vanquished.

Notes
Turn   | Place    | Note
-------+----------+-------------------------------------------
     0 | D:1      | JeffiDaFish the Draconian Necromancer began the quest for the Orb.
     0 | D:1      | Reached XP level 1. HP: 14/14 MP: 3/3
   303 | D:1      | Reached XP level 2. HP: 18/20 MP: 5/5
  1321 | D:2      | Noticed Robin
  1323 | D:2      | Reached XP level 3. HP: 26/26 MP: 4/6
  1387 | D:1      | Learned a level 3 spell: Vampiric Draining
  1391 | D:1      | Learned a level 3 spell: Regeneration
  1501 | D:2      | Killed Robin
  1515 | D:2      | Slain by a hobgoblin

Vault maps used:
D:1:      minmay_arrival_glassed_features
D:2:      uniq_robin

Skill      XL: |  1 |
---------------+----+-----
Dodging        | 2 |  2.1
Stealth        | |  1.7
Spellcasting   | |  2.7
Necromancy     | |  4.9

Action                   || total
-------------------------++-------
Melee: Dagger            ||   107
       Tailslap          ||     8
 Cast: Pain              ||    27
       Vampiric Draining ||     2
       Regeneration      ||     1
  Use: Scroll            ||     2
       Potion            ||     2
  Eat: Chunk             ||     2
Armor: Skin              ||    40
Dodge: Dodged            ||    82

Table legend:
 A = Spawn XP
 B = Non-spawn XP
 C = Spawn XP percentage of total XP
 D = Spawn monster count
 E = Non-spawn monster count
 F = Spawn count percentage of total count
 G = Total turns spent on level
                    A         B        C        D         E        F      G
               +---------+---------+-------+---------+---------+-------+---------
         Total |       0 |      89 |   0.0 |       0 |      36 |   0.0 |  1515
               +---------+---------+-------+---------+---------+-------+---------
           D:1 |       0 |      41 |   0.0 |       0 |      23 |   0.0 |  1451
           D:2 |       0 |      48 |   0.0 |       0 |      13 |   0.0 |    64
               +---------+---------+-------+---------+---------+-------+---------
